SL
PENSACOLA BLUE WAHOOS @ BILOXI SHUCKERS
09/10/2098
 
TOP OF THE 1ST
Pensacola Blue Wahoos batting - Pitching for Biloxi Shuckers : RHP Eric Lawrence
Pitching: RHP Eric Lawrence
Batting: RHB Mike Arnold 0-0: SINGLE (Groundball, 34D, EV 101.3 MPH)
Batting: LHB Jonathan Wilkerson 0-0: Ball
1-0: Fly out, F8 (Flyball, 78D, EV 94.4 MPH)
Batting: RHB Josh Dresch 0-0: Ball
1-0: Called Strike
1-1: Swinging Strike
1-2: Foul Ball, location: 9LDF
1-2: Ball
2-2: Strikes out swinging
Batting: LHB Nelson Valencia 0-0: Ball
1-0: Foul Ball, location: 2F
1-1: Swinging Strike
1-2: Ball
Wild Pitch!
Mike Arnold to second
2-2: Strikes out swinging
Top of the 1st over - 0 runs, 1 hit, 0 errors, 1 left on base; Pensacola 0 - Biloxi 0
BOTTOM OF THE 1ST
Biloxi Shuckers batting - Pitching for Pensacola Blue Wahoos : LHP Seth Jinks
Pitching: LHP Seth Jinks
Batting: RHB Aidan Bembury 0-0: Foul Ball, location: 9LMF
0-1: Bunted foul
0-2: Ball
1-2: Ball
2-2: Fly out, F8 (Flyball, 8RXD, EV 91.9 MPH)
Batting: RHB Chris Law 0-0: Called Strike
0-1: Ball
1-1: Swinging Strike
1-2: Ball
2-2: Foul Ball, location: 3DF
2-2: Ball
3-2: Base on Balls
Batting: LHB Sandy Amador 0-0: Called Strike
0-1: Called Strike
0-2: Ball
1-2: SINGLE (Groundball, 34D, EV 101.9 MPH)
Chris Law to second
Runner from 2nd tries for 3rd, SAFE, throw by RF made to third
Batting: LHB Josh Shippee 0-0: Ball
1-0: Swinging Strike
1-1: Ball
2-1: Swinging Strike
2-2: Fly out, F8 (Flyball, 8LD, EV 103.8 MPH)
Runner from 3rd tags up, SCORES, throw by CF
Batting: RHB Jimmy Stanic 0-0: Ball
1-0: Called Strike
1-1: SINGLE (Flyball, 89S, EV 92.5 MPH)
Sandy Amador to second
Runner from 2nd tries for 3rd, SAFE, no throw by RF
Batting: RHB Danny Arias 0-0: Ball
1-0: Fielders Choice at 2nd, 5-4 (Groundball, 5L, EV 88.8 MPH)
Bottom of the 1st over - 1 run, 2 hits, 0 errors, 2 left on base; Pensacola 0 - Biloxi 1
TOP OF THE 2ND
Pensacola Blue Wahoos batting - Pitching for Biloxi Shuckers : RHP Eric Lawrence
Batting: RHB Josh Meyers 0-0: Ground out 4-3 (Groundball, 4, EV 78.1 MPH)
Batting: LHB Tony Leandro 0-0: Called Strike
0-1: Ball
1-1: Called Strike
1-2: Strikes out swinging
Batting: RHB Jose Arocha 0-0: Swinging Strike
0-1: Fly out, F5 (Line Drive, 5, EV 68.1 MPH)
Top of the 2nd over - 0 runs, 0 hits, 0 errors, 0 left on base; Pensacola 0 - Biloxi 1
BOTTOM OF THE 2ND
Biloxi Shuckers batting - Pitching for Pensacola Blue Wahoos : LHP Seth Jinks
Batting: RHB David Levesque 0-0: Ball
1-0: Ball
2-0: Ball
3-0: Called Strike
3-1: Fly out, F9 (Flyball, 9, EV 87.5 MPH)
Batting: RHB Jose Tarango 0-0: Ball
1-0: Foul Ball, location: 25FF
1-1: Ball
2-1: Foul Ball, location: 2F
2-2: Ground out 6-3 (Groundball, 6, EV 79.4 MPH)
Batting: LHB Travis Konikowski 0-0: Ground out 5-3 (Groundball, 56, EV 80.6 MPH)
Bottom of the 2nd over - 0 runs, 0 hits, 0 errors, 0 left on base; Pensacola 0 - Biloxi 1
TOP OF THE 3RD
Pensacola Blue Wahoos batting - Pitching for Biloxi Shuckers : RHP Eric Lawrence
Batting: LHB Mike Besaw 0-0: Ball
1-0: Ball
2-0: Ball
3-0: Base on Balls
Batting: LHB Mike Fryback 0-0: Called Strike
0-1: Grounds into double play, 6-4-3 (Groundball, 6, EV 108.1 MPH)
Batting: RHB Mike Arnold 0-0: Called Strike
0-1: Ball
1-1: Foul Ball, location: 2F
1-2: Foul Ball, location: 9LMF
1-2: Strikes out swinging
Top of the 3rd over - 0 runs, 0 hits, 0 errors, 0 left on base; Pensacola 0 - Biloxi 1
BOTTOM OF THE 3RD
Biloxi Shuckers batting - Pitching for Pensacola Blue Wahoos : LHP Seth Jinks
Batting: RHB Aidan Bembury 0-0: Ball
1-0: Fly out, F9 (Flyball, 9S, EV 89.4 MPH)
Batting: RHB Chris Law 0-0: Swinging Strike
0-1: Foul Ball, location: 2F
0-2: Ball
1-2: Strikes out swinging
Batting: LHB Sandy Amador 0-0: Called Strike
0-1: Called Strike
0-2: Ball
1-2: Fly out, F8 (Line Drive, 8LM, EV 87.5 MPH)
Bottom of the 3rd over - 0 runs, 0 hits, 0 errors, 0 left on base; Pensacola 0 - Biloxi 1
TOP OF THE 4TH
Pensacola Blue Wahoos batting - Pitching for Biloxi Shuckers : RHP Eric Lawrence
Batting: LHB Jonathan Wilkerson 0-0: Swinging Strike
0-1: Ball
1-1: Ball
2-1: Ball
3-1: Fly out, F9 (Flyball, 89D, EV 107.5 MPH)
Batting: RHB Josh Dresch 0-0: Ground out 5-3 (Groundball, 56, EV 106.3 MPH)
Batting: LHB Nelson Valencia 0-0: Called Strike
0-1: Ball
1-1: Called Strike
1-2: Foul Ball, location: 7LSF
1-2: Ball
2-2: Foul Ball, location: 2F
2-2: Foul Ball, location: 3FF
2-2: Strikes out swinging
Top of the 4th over - 0 runs, 0 hits, 0 errors, 0 left on base; Pensacola 0 - Biloxi 1
BOTTOM OF THE 4TH
Biloxi Shuckers batting - Pitching for Pensacola Blue Wahoos : LHP Seth Jinks
Batting: LHB Josh Shippee 0-0: Fly out, F9 (Flyball, 9D, EV 102.5 MPH)
Batting: RHB Jimmy Stanic 0-0: Fly out, F7 (Flyball, 7LM, EV 92.5 MPH)
Batting: RHB Danny Arias 0-0: Ball
1-0: Swinging Strike
1-1: Ball
2-1: Foul Ball, location: 5SF
2-2: Foul Ball, location: 2F
2-2: Foul Ball, location: 2F
2-2: Ball
3-2: Fly out, F9 (Line Drive, 9S, EV 92.5 MPH)
Bottom of the 4th over - 0 runs, 0 hits, 0 errors, 0 left on base; Pensacola 0 - Biloxi 1
TOP OF THE 5TH
Pensacola Blue Wahoos batting - Pitching for Biloxi Shuckers : RHP Eric Lawrence
Batting: RHB Josh Meyers 0-0: Ball
1-0: Ball
2-0: Ball
3-0: Fly out, F7 (Line Drive, 7S, EV 100.0 MPH)
Batting: LHB Tony Leandro 0-0: Foul Ball, location: 7LMF
0-1: Ground out 6-3 (Groundball, 6, EV 103.8 MPH)
Batting: RHB Jose Arocha 0-0: Ball
1-0: Foul Ball, location: 9LMF
1-1: Foul Ball, location: 5DF
1-2: Ball
2-2: Ball
3-2: Base on Balls
Batting: LHB Mike Besaw 0-0: Called Strike
Jose Arocha steals 2nd base
0-1: Ball
1-1: Called Strike
1-2: Fly out, F5 (Popup, 5, EV 63.8 MPH)
Top of the 5th over - 0 runs, 0 hits, 0 errors, 1 left on base; Pensacola 0 - Biloxi 1
BOTTOM OF THE 5TH
Biloxi Shuckers batting - Pitching for Pensacola Blue Wahoos : LHP Seth Jinks
Batting: RHB David Levesque 0-0: Called Strike
0-1: Called Strike
0-2: Ball
1-2: DOUBLE (Flyball, 78XD, EV 94.4 MPH)
Batting: RHB Jose Tarango 0-0: Swinging Strike
0-1: Foul Ball, location: 9LDF
0-2: Ball
1-2: Ball
2-2: Foul Ball, location: 25FF
2-2: Ball
3-2: Fly out, F9 (Flyball, 9, EV 85.6 MPH)
Batting: LHB Travis Konikowski 0-0: Called Strike
0-1: Ball
1-1: SINGLE (Groundball, 5S, EV 64.4 MPH) (infield hit)
David Levesque to third
Batting: RHB Aidan Bembury 0-0: SINGLE (Line Drive, 78S, EV 95.6 MPH)
David Levesque scores
Travis Konikowski to second
Batting: RHB Chris Law 0-0: Grounds into double play, 3-6-3 (Groundball, 34, EV 109.4 MPH)
Bottom of the 5th over - 1 run, 3 hits, 0 errors, 1 left on base; Pensacola 0 - Biloxi 2
TOP OF THE 6TH
Pensacola Blue Wahoos batting - Pitching for Biloxi Shuckers : RHP Eric Lawrence
Batting: LHB Mike Fryback 0-0: Foul Ball, location: 23F
0-1: Ball
1-1: Foul Ball, location: 5DF
1-2: SINGLE (Groundball, 56, EV 78.1 MPH)
Batting: RHB Mike Arnold 0-0: Called Strike
0-1: Ball
1-1: Ball
2-1: Ball
3-1: Foul Ball, location: 2F
3-2: Fly out, F9 (Flyball, 9S, EV 90.0 MPH)
Batting: LHB Jonathan Wilkerson 0-0: Called Strike
0-1: Foul Ball, location: 23F
0-2: Foul Ball, location: 2F
0-2: Ball
1-2: Ball
2-2: Strikes out swinging
Batting: RHB Josh Dresch 0-0: Ball
1-0: SINGLE (Line Drive, 89S, EV 92.5 MPH)
Mike Fryback to second
Runner from 2nd tries for 3rd, SAFE, throw by RF made to third
Batting: LHB Nelson Valencia 0-0: Ball
1-0: Foul Ball, location: 7LDF
1-1: Ball
2-1: Swinging Strike
2-2: Strikes out swinging
Top of the 6th over - 0 runs, 2 hits, 0 errors, 2 left on base; Pensacola 0 - Biloxi 2
BOTTOM OF THE 6TH
Biloxi Shuckers batting - Pitching for Pensacola Blue Wahoos : LHP Seth Jinks
Batting: LHB Sandy Amador 0-0: Ball
1-0: Foul Ball, location: 2F
1-1: SINGLE (Flyball, 9LS, EV 92.5 MPH)
Batting: LHB Josh Shippee 0-0: Foul Ball, location: 5F
0-1: Ball
1-1: Fielders Choice at 2nd, 3-6 (Groundball, 3, EV 90.0 MPH)
Batting: RHB Jimmy Stanic 0-0: Foul Ball, location: 23F
0-1: Ball
1-1: 2-RUN HOME RUN (Flyball, 89XD, EV 106.3 MPH), Distance : 419 ft
Batting: RHB Danny Arias 0-0: Ball
1-0: Ball
2-0: Ball
3-0: Called Strike
3-1: Fly out, F3 (Line Drive, 3L, EV 64.4 MPH)
Batting: RHB David Levesque 0-0: SINGLE (Line Drive, 9S, EV 109.4 MPH)
Batting: RHB Jose Tarango 0-0: Ball
1-0: Called Strike
1-1: Foul Ball, location: 2F
1-2: Strikes out swinging
Bottom of the 6th over - 2 runs, 3 hits, 0 errors, 1 left on base; Pensacola 0 - Biloxi 4
TOP OF THE 7TH
Pensacola Blue Wahoos batting - Pitching for Biloxi Shuckers : RHP Eric Lawrence
Batting: RHB Josh Meyers 0-0: Ground out 5-3 (Groundball, 5L, EV 90.0 MPH)
Batting: LHB Tony Leandro 0-0: Foul Ball, location: 2F
0-1: Ground out 4-3 (Groundball, 4, EV 76.9 MPH)
Batting: RHB Jose Arocha 0-0: Ball
1-0: Called Strike
1-1: Ball
2-1: Ground out 3-1 (Groundball, 34, EV 78.8 MPH)
Top of the 7th over - 0 runs, 0 hits, 0 errors, 0 left on base; Pensacola 0 - Biloxi 4
BOTTOM OF THE 7TH
Biloxi Shuckers batting - Pitching for Pensacola Blue Wahoos : LHP Seth Jinks
Batting: LHB Travis Konikowski 0-0: Ball
1-0: Ball
2-0: Ball
3-0: Called Strike
3-1: DOUBLE (Line Drive, 7LS, EV 104.4 MPH)
Batting: RHB Aidan Bembury 0-0: Fly out, F9 (Line Drive, 9, EV 91.9 MPH)
Batting: RHB Chris Law 0-0: Foul Ball, location: 3FF
0-1: Called Strike
0-2: Ball
1-2: Ball
2-2: Foul Ball, location: 2RF
2-2: Foul Ball, location: 5F
2-2: Ground out 4-3 (Groundball, 4, EV 84.4 MPH)
Travis Konikowski to third
Pitching: RHP Dan Averill
Batting: LHB Sandy Amador 0-0: Ball
1-0: SINGLE (Flyball, 6MD, EV 85.6 MPH)
Travis Konikowski scores
Batting: LHB Josh Shippee 0-0: Ball
1-0: SINGLE (Line Drive, 9LS, EV 93.1 MPH)
Sandy Amador to second
Runner from 2nd tries for 3rd, SAFE, no throw by RF
Batting: RHB Jimmy Stanic 0-0: Ball
1-0: Called Strike
1-1: Fly out, F9 (Line Drive, 9D, EV 93.8 MPH)
Bottom of the 7th over - 1 run, 3 hits, 0 errors, 2 left on base; Pensacola 0 - Biloxi 5
TOP OF THE 8TH
Pensacola Blue Wahoos batting - Pitching for Biloxi Shuckers : RHP Eric Lawrence
Batting: LHB Mike Besaw 0-0: Ball
1-0: Ball
2-0: Swinging Strike
2-1: Swinging Strike
2-2: Strikes out swinging
Batting: LHB Mike Fryback 0-0: Swinging Strike
0-1: Foul Ball, location: 5FF
0-2: SINGLE (Groundball, 6MD, EV 107.5 MPH)
Batting: RHB Mike Arnold 0-0: Ball
1-0: Fielders Choice at 2nd, 6-4 (Groundball, 6, EV 103.1 MPH)
Batting: LHB Jonathan Wilkerson 0-0: Ball
1-0: Ball
2-0: Fly out, F5 (Popup, 56S, EV 80.6 MPH)
Top of the 8th over - 0 runs, 1 hit, 0 errors, 1 left on base; Pensacola 0 - Biloxi 5
BOTTOM OF THE 8TH
Biloxi Shuckers batting - Pitching for Pensacola Blue Wahoos : RHP Dan Averill
Batting: RHB Danny Arias 0-0: Foul Ball, location: 3SF
0-1: Ball
1-1: Ball
2-1: Swinging Strike
2-2: Foul Ball, location: 9LDF
2-2: Fly out, F8 (Line Drive, 8LD, EV 108.8 MPH)
Batting: RHB David Levesque 0-0: Swinging Strike
0-1: Foul Ball, location: 3SF
0-2: Ball
1-2: Foul Ball, location: 9LDF
1-2: SINGLE (Line Drive, 6MD, EV 95.6 MPH)
Batting: RHB Jose Tarango 0-0: Called Strike
0-1: Fly out, F9 (Flyball, 9D, EV 97.5 MPH)
Batting: LHB Travis Konikowski 0-0: Called Strike
0-1: Ground out 5-3 (Groundball, 56S, EV 82.5 MPH)
Bottom of the 8th over - 0 runs, 1 hit, 0 errors, 1 left on base; Pensacola 0 - Biloxi 5
TOP OF THE 9TH
Pensacola Blue Wahoos batting - Pitching for Biloxi Shuckers : RHP Eric Lawrence
Batting: RHB Josh Dresch 0-0: Foul Ball, location: 7LSF
0-1: Called Strike
0-2: Strikes out swinging
Batting: LHB Nelson Valencia 0-0: Ball
1-0: Called Strike
1-1: Foul Ball, location: 2F
1-2: Ball
2-2: Ball
3-2: Foul Ball, location: 3F
3-2: Strikes out swinging
Batting: RHB Josh Meyers 0-0: Ball
1-0: Called Strike
1-1: Ball
2-1: Foul Ball, location: 2F
2-2: Ball
3-2: Ground out 1-3 (Groundball, 13S, EV 65.6 MPH)
Top of the 9th over - 0 runs, 0 hits, 0 errors, 0 left on base; Pensacola 0 - Biloxi 5
Sunday, April 14th , 2024 - OOTP Baseball 24.11 Build 85